 Dungeon Crawl Stone Soup version 0.31-a0-698-g4a7cf283bb (webtiles) character file.

Game seed: 11380979157565346498

187 qw the Shooter (level 5, -1/32 HPs)
             Began as a Gargoyle Hunter on Sept 7, 2023.
             Killed from afar by an orc wizard (11 damage)
             ... with a magic dart
             ... on level 3 of the Dungeon.
             The game lasted 00:00:49 (1685 turns).

qw the Shooter (Gargoyle Hunter)                    Turns: 1685, Time: 00:00:49

Health: -1/32      AC: 10    Str: 14    XL:     5   Next: 66%
Magic:  5/5        EV: 10    Int: 10    God:
Gold:   89         SH:  0    Dex: 15    Spells: 4/4 levels left

rFire   . . .        Y - +0 shortbow
rCold   . . .        (shield currently unavailable)
rNeg    + . .        f - +0 ring mail
rPois   inf          j - +0 helmet
rElec   +            (no cloak)
rCorr   .            (no gloves)
SInv    .            (no boots)
Will    .....        d - amulet of reflection Stlth
                     (no ring)
HPRegen 0.25/turn    (no ring)
MPRegen 0.09/turn

%: reflection
@: confused
A: sickness immunity, AC +4, negative energy resistance 1, electricity
resistance, torment resistance 1, petrification resistance
a: no special abilities


You were on level 3 of the Dungeon.
You visited 1 branch of the dungeon, and saw 3 of its levels.

You collected 89 gold pieces.


Innate Abilities, Weirdness & Mutations

You are immune to sickness and miasma.
Your stone body is resilient. (AC +4)
You are immune to poison.
You resist negative energy. (rN+)
You are resistant to electric shocks. (rElec)
You are resistant to unholy torment.
You are immune to petrification.


   Skills:
 + Level 3.4 Fighting
 - Level 6.1 Ranged Weapons
 - Level 1.0 Armour
 - Level 1.5 Dodging
 - Level 1.1 Stealth


You had 4 spell levels left.
You didn't know any spells.
Your spell library was empty.

Inventory:

Hand Weapons
 Y - a +0 shortbow (weapon)
Armour
 b - a +2 helmet of see invisible
 f - a +0 ring mail (worn)
 j - a +0 helmet (worn)
Jewellery
 d - an amulet of reflection (around neck)
Scrolls
 a - a scroll of fear {unknown}
 h - a scroll of identify
Potions
 c - a potion of attraction {unknown}
 e - a potion of heal wounds {unknown}
 g - a potion of enlightenment {unknown}
 k - a potion of curing {unknown}

Dungeon Overview and Level Annotations

Branches:
Dungeon (3/15)

Altars:
Wu Jian


Message History

You shoot an arrow. The arrow hits the orc wizard.
The orc wizard is lightly wounded.
An orc comes into view. It is wielding a +0 club.
You shoot an arrow. The arrow hits the orc!
You kill the orc!
The orc wizard points at you and mumbles some strange words.
The puff of flame hits you!
You shoot an arrow. The arrow closely misses the orc.
The orc barely misses you.
You shoot an arrow.
The arrow closely misses the orc wizard.
The arrow hits the orc wizard!
The orc wizard is severely wounded.
The orc wizard gestures wildly while chanting.
The orc wizard flickers and vanishes!
The orc barely misses you.
The orc wizard hits you but does no damage.
You shoot an arrow. The arrow hits the orc wizard.
The orc wizard is heavily wounded.
The orc wizard closely misses you. The orc closely misses you.
The orc wizard gestures wildly while chanting.
The orc wizard flickers and vanishes!
You shoot an arrow. The arrow completely misses the orc.
The arrow barely misses the orc.
Something hits you but does no damage.
The orc throws a boomerang.
An orc comes into view. It is wielding a +0 flail.
You block something's attack.
You shoot an arrow. The orc shouts!
Something hits you but does no damage. x2; The orc throws a boomerang.
The boomerang hits you. Something hits you.
You shoot an arrow. Something hits you. Something hits you but does no damage.
You hear some strange, mumbled words.
You are confused.
Something hits you but does no damage. x3
Something hits you but does no damage. x3
You hear some strange, mumbled words.
A magic dart appears from out of thin air!
The magic dart hits you!
You die...

.........# .........+
...... .........# ......
)........## +# ##......
........... .# #......
.<........###.# #....#
............#.# #o...#####
###'###+###.#.###.o.......
................@{o.>.....
###.###.###.).###{.o......
###.###.###.%....o...%....
......#.##..#......#?....
###...#.#..........# ....
#####.#.####.....# ...
#................# ..
#.....#.####.....######
#.....................#


You could see 5 orcs.

Vanquished Creatures
  A black bear (D:3)
  3 adders (D:2)
  2 worms
  3 dart slugs
  2 orcs
  5 endoplasms
  4 giant cockroaches
  5 goblins
  6 hobgoblins
  2 kobolds
  5 quokkas
  4 ball pythons
  6 bats
  2 frilled lizards
  4 rats
54 creatures vanquished.

Notes
Turn   | Place    | Note
-------+----------+-------------------------------------------
     0 | D:1      | qw the Gargoyle Hunter began the quest for the Orb.
     0 | D:1      | Reached XP level 1. HP: 12/12 MP: 1/1
     0 | D:1      | 0 ||| qw: Version: 0.3-a-76-g4403597
     0 | D:1      | 0 ||| qw: Game counter: 372
     0 | D:1      | 0 ||| qw: Melee chars always use a shield: true
     0 | D:1      | 0 ||| qw: God list: Okawaru
     0 | D:1      | 0 ||| qw: Allow faded altars: false
     0 | D:1      | 0 ||| qw: Do Orc after clearing Dungeon:15 true
     0 | D:1      | 0 ||| qw: Do second Lair branch before Depths: true
     0 | D:1      | 0 ||| qw: Lair rune preference: random
     0 | D:1      | 0 ||| qw: Goals: Normal
     0 | D:1      | 0 ||| PLANNING D:1-11
   149 | D:1      | Reached XP level 2. HP: 17/17 MP: 2/2
   480 | D:1      | 480 ||| UPGRADING to +0 ring mail.
   490 | D:1      | 490 ||| DROPPING +0 leather armour.
   491 | D:1      | 491 ||| UPGRADING to amulet of reflection.
   496 | D:1      | 496 ||| DROPPING scroll of butterflies.
   569 | D:2      | Reached XP level 3. HP: 21/21 MP: 3/3
   587 | D:2      | Reached skill level 1 in Armour
   613 | D:2      | Identified the +5 rapier of Wisdom {freeze, Drain Fly rF-
                  | Dex+7}
   682 | D:2      | Reached skill level 5 in Ranged Weapons
   898 | D:2      | Reached XP level 4. HP: 27/27 MP: 4/4
   920 | D:2      | Reached skill level 3 in Fighting
  1312 | D:2      | 1312 ||| UPGRADING to +0 helmet.
  1317 | D:2      | 1317 ||| DROPPING ring of flight.
  1318 | D:2      | 1318 ||| READING scroll labelled MIOWOLOWN TOGU.
  1322 | D:2      | 1322 ||| READING 2 scrolls labelled RAPIYP MYMALA.
  1323 | D:2      | 1323 ||| READING scroll labelled TUTUJA GILU.
  1356 | D:3      | Noticed a black bear
  1368 | D:3      | Killed a black bear
  1369 | D:3      | Reached skill level 6 in Ranged Weapons
  1369 | D:3      | Reached XP level 5. HP: 23/32 MP: 5/5
  1591 | D:3      | Found an ornate altar of the Wu Jian Council.
  1672 | D:3      | 1672 ||| RETREATING.
  1674 | D:3      | 1674 ||| Stepping ~*~*~tactically~*~*~ (retreating).
  1685 | D:3      | Killed from afar by an orc wizard

Levels and vault maps discovered:
D:1:      giann_wishing_wells, layout_rooms
D:2:      layout_basic
D:3:      layout_basic, lemuel_tele_altar, hangedman_decor_growths,
          hangedman_abyss_or_decor_stabs, minmay_lizard_king

Skill      XL: |  1  2  3  4 |
---------------+-------------+-----
Armour         | 1 |  1.0
Ranged Weapons | 5 6 |  6.1
Fighting       | 3 |  3.4
Dodging        | |  1.5
Stealth        | |  1.1

Action                     |  1- 3 |  4- 6 || total
---------------------------+-------+-------++-------
   Fire: Shortbow          |   130 |    78 ||   208
    Use: Scroll            |       |     3 ||     3
 Armour: Leather armour    |     7 |       ||     7
         Ring mail         |    27 |    54 ||    81
  Dodge: Dodged            |    36 |    22 ||    58
  Block: Other             |    12 |    17 ||    29

Table legend:
 A = Non-vault XP
 B = Vault XP
 C = Vault XP percentage of total XP
 D = Non-vault monster count
 E = Vault monster count
 F = Vault count percentage of total count
                 A         B        C        D         E       F
            +---------+---------+-------+---------+---------+-------
      Total |     268 |       0 |   0.0 |      54 |       0 |   0.0
            +---------+---------+-------+---------+---------+-------
        D:1 |      29 |       0 |   0.0 |      16 |       0 |   0.0
        D:2 |      83 |       0 |   0.0 |      24 |       0 |   0.0
        D:3 |     156 |       0 |   0.0 |      14 |       0 |   0.0
            +---------+---------+-------+---------+---------+-------
